 Dungeon Crawl Stone Soup version 0.29-a0-468-ge57f7f99b4 (webtiles) character file.

Game seed: 1817780490936554719

1370 timneilson the Covered (level 8, -13/49 HPs)
             Began as a Gargoyle Fighter on May 21, 2022.
             Mangled by Duvessa
             ... wielding a +0 short sword
              (17 damage)
             ... on level 6 of the Dungeon.
             The game lasted 00:13:51 (7894 turns).

timneilson the Covered (Gargoyle Fighter)           Turns: 7894, Time: 00:13:52

Health: -13/49     AC: 18    Str: 21    XL:     8   Next: 65%
Magic:  8/8        EV: 20    Int: 10    God:
Gold:   207        SH:  9    Dex:  9    Spells: 7/7 levels left

rFire   . . .      SeeInvis .   a - +1 long sword (elec)
rCold   . . .      Faith    .   i - +0 kite shield
rNeg    + . .      Spirit   .   p - +0 plate armour
rPois   ∞          Reflect  .   (no helmet)
rElec   +          Harm     .   (no cloak)
rCorr   .          Rampage  .   (no gloves)
Will    .....      Clarity  +   (no boots)
Stlth   ..........              c - amulet of the acrobat
HPRegen 0.16/turn               (no ring)
MPRegen 0.11/turn               (no ring)

@: acrobatic
A: sickness immunity, AC +5, negative energy resistance 1, electricity
resistance, torment resistance 1, petrification resistance, clarity
a: no special abilities


You were on level 6 of the Dungeon.
You visited 1 branch of the dungeon, and saw 6 of its levels.
You also visited: Sewer.

You collected 207 gold pieces.

Inventory:

Hand Weapons
 a - a +1 long sword of electrocution (weapon)
Armour
 i - a +0 kite shield (worn)
 p - a +0 plate armour (worn)
Jewellery
 c - an amulet of the acrobat (around neck)
Scrolls
 e - 5 scrolls of enchant weapon
 m - a scroll of fear
 o - 3 scrolls of fog
Potions
 f - a potion of might
 h - a potion of magic
 k - a potion of attraction
 l - a potion of ambrosia
 n - a potion of brilliance {unknown}
 q - a potion of cancellation {unknown}


   Skills:
 + Level 5.0 Fighting
 * Level 5.0 Long Blades
 * Level 6.5 Armour
 + Level 2.7 Dodging
 * Level 6.5 Shields


You had 7 spell levels left.
You didn't know any spells.
Your spell library contained the following spells:

 Spells                   Type           Power      Damage    Failure   Level
 Poisonous Vapours        Pois/Air       0%         N/A       100%        2
 Ozocubu's Armour         Ice            0%         N/A       100%        3
 Corpse Rot               Necr/Pois/Air  0%         N/A       100%        4
 Ozocubu's Refrigeration  Ice            0%         4d5       100%        7


Dungeon Overview and Level Annotations

Branches:
Dungeon (6/15)              Sewer (visited)
 Temple: D:4-7

Altars:
Hepliaklqana

Shops:
D:3 (

Annotations:
D:6 Duvessa


Innate Abilities, Weirdness & Mutations

You are immune to sickness and miasma.
Your stone body is resilient. (AC +5)
You are immune to poison.
You resist negative energy. (rN+)
You are resistant to electric shocks. (rElec)
You are resistant to unholy torment.
You are immune to petrification.
You possess an exceptional clarity of mind.


Message History

Duvessa is lightly wounded.
Duvessa hits you with a +0 short sword. You block Duvessa's attack.
You hit Duvessa.
Duvessa is lightly wounded.
You block Duvessa's attack. x2
You closely miss Duvessa.
Duvessa is lightly wounded.
Duvessa barely misses you. Duvessa hits you with a +0 short sword.
You hit Duvessa.
Duvessa is moderately wounded.
You block Duvessa's attack. Duvessa hits you with a +0 short sword.
You barely miss Duvessa.
Duvessa is moderately wounded.
Duvessa hits you but does no damage. x2
You closely miss Duvessa.
Duvessa is moderately wounded.
Duvessa hits you but does no damage. Duvessa hits you with a +0 short sword!
* * * LOW HITPOINT WARNING * * *
You are confused.
You feel invigorated. Duvessa hits you with a +0 short sword.
* * * LOW HITPOINT WARNING * * *
Duvessa hits you but does no damage.
You bump into the rock wall.
Duvessa barely misses you.
Unknown command.
Duvessa attacks as you move away! Duvessa hits you but does no damage.
Duvessa closely misses you.
There is a stone staircase leading up here.
Duvessa attacks as you move away! Duvessa hits you with a +0 short sword.
* * * LOW HITPOINT WARNING * * *
You feel less invigorated.
You feel less confused. Duvessa hits you with a +0 short sword!
* * * LOW HITPOINT WARNING * * *
Duvessa barely misses you. Duvessa attacks as you move away!
You block Duvessa's attack. You block Duvessa's attack.
You block Duvessa's attack. Duvessa attacks as you move away!
Duvessa completely misses you. Duvessa hits you with a +0 short sword!
You die...

#.
###.######
#........#
#:..##@# #
#...##e#.#
###......#.#
#.........>#
#.#........#
#....)...#
##.##.#..#
#.<..#..#
#..###..#


You could see Duvessa (berserk).

Vanquished Creatures
  Grinder (D:4)
  An ice beast (D:5)
  An ogre (D:5)
  2 centaurs (D:5)
  2 bullfrogs (Sewer)
  A necrophage (D:4)
  Dowan (D:6)
  4 orc priests
  Jessica (D:2)
  3 iguanas
  4 orc wizards
  7 adders
  9 river rats (Sewer)
  2 white imps (D:5)
  2 dart slugs (D:1)
  13 orcs
  14 ball pythons
  6 bats
  6 endoplasms
  5 giant cockroaches
  7 hobgoblins
  13 jackals
  8 kobolds
  4 quokkas
  3 frilled lizards
  4 goblins
  26 rats
150 creatures vanquished.

Notes
Turn   | Place    | Note
-------+----------+-------------------------------------------
     0 | D:1      | timneilson the Gargoyle Fighter began the quest for the
                  | Orb.
     0 | D:1      | Reached XP level 1. HP: 14/14 MP: 1/1
   241 | D:1      | Reached XP level 2. HP: 19/19 MP: 2/2
   893 | D:1      | Found a faded altar of an unknown god.
   900 | D:1      | Reached XP level 3. HP: 20/23 MP: 3/3
  1804 | D:2      | Noticed Jessica
  1825 | D:2      | Killed Jessica
  1826 | D:2      | Reached XP level 4. HP: 4/28 MP: 4/4
  2911 | D:3      | Reached skill level 1 in Dodging
  2911 | D:3      | Reached XP level 5. HP: 8/32 MP: 5/5
  3582 | D:3      | Gained mutation: Armour fits poorly on your strangely
                  | shaped body. [potion of mutation]
  3582 | D:3      | Gained mutation: You have a pair of small horns on your
                  | head. [potion of mutation]
  3582 | D:3      | Gained mutation: You passively map a small area around you.
                  | [potion of mutation]
  3989 | D:3      | Found Liunasuywk's Weapon Shop.
  4420 | D:4      | Found a glowing drain.
  4448 | D:4      | Reached XP level 6. HP: 35/38 MP: 6/6
  4486 | Sewer    | Entered a sewer
  5265 | Sewer    | Reached skill level 5 in Armour
  5430 | Sewer    | Reached skill level 5 in Shields
  5430 | Sewer    | Reached XP level 7. HP: 27/43 MP: 7/7
  5445 | Sewer    | HP: 2/43 [ball python (1)]
  5708 | Sewer    | Lost mutation: You have a pair of small horns on your head.
                  | [potion of mutation]
  5708 | Sewer    | Lost mutation: Armour fits poorly on your strangely shaped
                  | body. [potion of mutation]
  5708 | Sewer    | Lost mutation: You passively map a small area around you.
                  | [potion of mutation]
  5708 | Sewer    | Gained mutation: You possess an exceptional clarity of
                  | mind. [potion of mutation]
  5717 | D:4      | Noticed Grinder
  5727 | D:4      | Killed Grinder
  6279 | D:5      | Entered Level 5 of the Dungeon
  6299 | D:5      | HP: 2/44 [ice beast (7)]
  6301 | D:5      | Reached XP level 8. HP: 3/48 MP: 8/8
  6999 | D:5      | Found a hazy altar of Hepliaklqana.
  7516 | D:5      | Reached skill level 5 in Long Blades
  7531 | D:5      | HP: 2/48 [something/magic dart (4)]
  7533 | D:5      | Reached skill level 5 in Fighting
  7864 | D:6      | Noticed Dowan
  7865 | D:6      | Noticed Duvessa
  7874 | D:6      | Killed Dowan
  7884 | D:6      | HP: 2/49 [Duvessa/+0 short sword (6)]
  7894 | D:6      | Mangled by Duvessa

Illustrated notes

Levels and vault maps discovered:
D:1:      dpeg_arrival_rooms_with_view, layout_basic,
          ebering_ecumenical_altar_abandoned, minivault_25, minivault_23,
          minivault_19
D:2:      layout_basic, uniq_jessica
D:3:      layout_loops_ring, serial_shops, shop
D:4:      layout_rooms, cheibrodos_sewer_entry_drain, uniq_grinder
D:5:      layout_rooms, kennysheep_mini_moat
D:6:      layout_loops_cross, temple_hall_moat, minivault_25, minivault_5,
          minmay_lizard_king, uniq_duvessa

Skill      XL: |  1  2  3  4  5  6  7  8 |
---------------+-------------------------+-----
Long Blades    | 2 3 4 5 |  5.0
Armour         | 4 5 6 |  6.5
Shields        | 4 5 6 |  6.5
Dodging        | 1 2 |  2.7
Fighting       | 4 5 |  5.0

Action                   |  1- 3 |  4- 6 |  7- 9 || total
-------------------------+-------+-------+-------++-------
Melee: Long sword        |   131 |   275 |   194 ||   600
       Headbutt          |       |    28 |       ||    28
  Use: Scroll            |     4 |     5 |     7 ||    16
       Potion            |       |     4 |     8 ||    12
Armor: Scale mail        |    85 |       |       ||    85
       Chain mail        |    17 |   159 |   126 ||   302
       Skin              |       |   129 |   107 ||   236
       Plate armour      |       |       |    43 ||    43
Dodge: Dodged            |    95 |   118 |    87 ||   300
Block: Buckler           |    38 |       |       ||    38
       Kite shield       |       |   168 |   136 ||   304

Table legend: (Time is in decaauts)
 A = Elapsed time spent in this place.
 B = Non-inter-level travel time spent in this place.
 C = Inter-level travel time spent in this place.
 D = Time resting spent in this place.
 E = Time spent auto-exploring this place.
 F = Levels seen in this place.
 G = Mean time per level.
                   A        B        C        D        E       F      G
               +--------+--------+--------+--------+--------+-----+--------+
         Total |   8185 |   8101 |     84 |   1423 |   4974 |   7 | 1169.3 |
       Dungeon |   6856 |   6772 |     84 |    987 |   4416 |   6 | 1142.7 |
         Sewer |   1329 |   1329 |      0 |    436 |    558 |   1 | 1329.0 |
               +--------+--------+--------+--------+--------+-----+--------+

Top non-repeatable levels by time:
     D:1: 1824 daAuts
     D:3: 1354 daAuts
   Sewer: 1329 daAuts
     D:2: 1307 daAuts
     D:5: 1197 daAuts
     D:4: 1138 daAuts
     D:6: 33 daAuts
